 Dungeon Crawl Stone Soup version 0.22-b1-26-g9dbaab1 (webtiles) character file.

385 Lilu the Skirmisher (level 6, -2/58 HPs)
             Began as a Minotaur Fighter on Aug 8, 2018.
             Was a Follower of the Shining One.
             Slain by a phantom (9 damage)
             ... on level 5 of the Dungeon.
             The game lasted 00:09:53 (3589 turns).

Lilu the Skirmisher (Minotaur Fighter)              Turns: 3589, Time: 00:09:54

Health: -2/58      AC: -3    Str: 27    XL:     6   Next: 48%
Magic:  5/5        EV:  7    Int:  5    God:    the Shining One [*.....]
Gold:   129        SH: 10    Dex: 10    Spells: 5/5 levels left

rFire    . . .     SeeInvis .   a - +0 war axe
rCold    . . .     Gourm    .   c - +0 shield
rNeg     . . .     Faith    .   b - +0 scale mail
rPois    .         Spirit   .   (helmet restricted)
rElec    .         Reflect  .   t - +0 cloak
rCorr    .         Harm     .   (no gloves)
MR       .....                  (no boots)
Stlth    ..........             (no amulet)
HPRegen  0.19/turn              (no ring)
MPRegen  0.09/turn              (no ring)

@: mighty, corroded, flying, glowing
A: retaliatory headbutt, horns 2
a: Renounce Religion


You were on level 5 of the Dungeon.
You worshipped the Shining One.
The Shining One was aware of your devotion.
You were not hungry.

You visited 1 branch of the dungeon, and saw 5 of its levels.

You collected 129 gold pieces.

Inventory:

Hand Weapons
 a - a +0 war axe (weapon)
Missiles
 n - 20 arrows
 u - 65 bolts
 v - 4 tomahawks (quivered)
Armour
 b - a +0 scale mail (worn)
 c - a +0 shield (worn)
 t - a +0 cloak (worn)
Wands
 s - a wand of enslavement (12)
Scrolls
 e - 2 scrolls of fog {unknown}
 g - 4 scrolls of remove curse {unknown}
 h - a scroll of enchant weapon {unknown}
 i - a scroll of immolation {unknown}
 j - a scroll of fear {unknown}
 k - 2 scrolls of identify {unknown}
 p - 2 scrolls of teleportation {unknown}
 q - a scroll of random uselessness {unknown}
Potions
 d - a potion of might
 l - a potion of degeneration {unknown}
 m - a potion of curing
 o - 2 potions of flight
 r - a potion of brilliance {unknown}
Comestibles
 f - 8 rations


   Skills:
 + Level 6.7 Fighting
 + Level 6.2 Axes
 - Level 3.6 Armour
 - Level 3.6 Shields


You had 5 spell levels left.
You didn't know any spells.
Your spell library was empty.

Dungeon Overview and Level Annotations

Branches:
Dungeon (5/15)
 Temple: D:4-7

Altars:
Elyvilon
Gozag
Okawaru
Trog
Yredelemnul
The Shining One

Shops:
D:4 *


Innate Abilities, Weirdness & Mutations

You reflexively headbutt those who attack you in melee.
You have a pair of horns on your head.


Message History

The jackal barks!
You block the phantom's attack.
You hit the phantom but do no damage. Your headbutt misses the phantom.
The phantom is heavily damaged.
The phantom hits you.
* * * LOW HITPOINT WARNING * * *
You hit the phantom. Your headbutt misses the phantom.
The phantom is severely damaged.
You barely miss the jackal. The phantom barely misses you.
The jackal barely misses you. You block the phantom's attack.
You closely miss the jackal. You slash the phantom!
You block the jackal's attack. The jackal bites you.
* * * LOW HITPOINT WARNING * * *
You block the phantom's attack.
You closely miss the phantom.
The phantom is almost destroyed.
You slash the jackal!
You kill the jackal!
The phantom hits you!
You die...

..##..........# .#
..#........#### .#
..#.######.# .# ..#.#
#.#######.# ..#.#
#.......#.# ..#.#
#######.#.#
#.#.############.#.######
.................W.......
#...###.########@#.####..
#...# #.#... #...#
#.##### #...# #.# ##..#
#.# ##.# #.########## #.#
#...SW...(.. #.#
#####....... ... .......


You could see a phantom.

Vanquished Creatures
  A bullfrog (D:4)
  A jelly (D:5)
  A bullfrog skeleton (D:4)
  2 worker ants (D:4)
  4 gnolls (D:3)
  5 adders
  An ooze (D:2)
  5 worms
  4 dart slugs
  4 leopard geckos
  5 orcs
  4 giant cockroaches
  4 goblins
  10 hobgoblins
  7 jackals
  8 kobolds
  4 quokkas
  13 bats
  8 frilled lizards
  A quokka skeleton (D:5)
  6 rats
98 creatures vanquished.

Notes
Turn   | Place    | Note
-------+----------+-------------------------------------------
     0 | D:1      | Lilu the Minotaur Fighter began the quest for the Orb.
     0 | D:1      | Reached XP level 1. HP: 19/19 MP: 0/0
   247 | D:1      | Reached XP level 2. HP: 26/27 MP: 1/1
   785 | D:1      | Reached XP level 3. HP: 34/34 MP: 2/2
  1066 | D:2      | Found a faded altar of an unknown god.
  1082 | D:2      | Became a worshipper of Elyvilon the Healer
  1082 | D:2      | Reached * piety under Elyvilon
  1083 | D:2      | Fell from the grace of Elyvilon
  1551 | D:2      | Reached XP level 4. HP: 37/41 MP: 3/3
  1608 | D:2      | Reached skill level 5 in Fighting
  1859 | D:2      | Found a basalt altar of Yredelemnul.
  1861 | D:2      | Noticed a profane servitor
  1872 | D:2      | Found a glowing golden altar of the Shining One.
  1875 | D:2      | Noticed an angel
  1880 | D:2      | Became a worshipper of the Shining One
  2135 | D:3      | Reached XP level 5. HP: 30/48 MP: 4/4
  2357 | D:3      | Reached skill level 5 in Axes
  2526 | D:3      | Found an iron altar of Okawaru.
  2783 | D:4      | Reached * piety under the Shining One
  2789 | D:4      | Reached XP level 6. HP: 45/58 MP: 5/5
  2919 | D:4      | Found an opulent altar of Gozag.
  2926 | D:4      | Found Gozag's Platinum Reserve.
  3297 | D:4      | Found a white marble altar of Elyvilon.
  3454 | D:4      | Found a bloodstained altar of Trog.
  3479 | D:5      | Entered Level 5 of the Dungeon
  3589 | D:5      | Slain by a phantom

Skill      XL: |  1  2  3  4  5  6 |
---------------+-------------------+-----
Fighting       | 4 5 6 |  6.7
Axes           | 3 4 5 6 |  6.2
Armour         | |  3.6
Shields        | |  3.6

Action                   |  1- 3 |  4- 6 || total
-------------------------+-------+-------++-------
Melee: War axe           |   110 |   135 ||   245
       Headbutt          |    11 |    19 ||    30
Invok: Renounce Religion |     1 |       ||     1
  Use: Potion            |       |     3 ||     3
  Eat: Chunk             |     2 |     5 ||     7
       Ration            |       |     1 ||     1
Armor: Scale mail        |    45 |    50 ||    95
Dodge: Dodged            |    35 |    35 ||    70
Block: Shield            |    56 |    80 ||   136
